Map: Tokamak LE

Players

ManlyManMeat

  • Race: Zerg Zerg
  • League: Diamond
  • Spawn Location: 7:00

GABEN - Winner!

  • Race: Terran Terran
  • League: Master
  • Spawn Location: 1:00

VOD

Have the link to the VOD?

Description

Time

  • Played on: July 9, 2025, 7:05 a.m.
  • Length: 15:04
Show
View Real Time Build Order
Export as new Build Order

ManlyManMeat Zerg 

Build Orders: Hatch First 

Get SALT Encoding   

  12  0:00  Drone  
  13  0:08  Drone  
  13  0:13  Extractor  
  13  0:15  Drone  
  15  0:22  Overlord  
  15  0:41  Drone  
  16  0:47  Hatchery  
  15  0:50  Drone  
  15  0:54  Drone  
  17  0:57  Drone  
  18  1:08  Extractor  
  17  1:13  Spawning Pool  
  17  1:15  Drone  
  17  1:19  Drone  
  18  1:26  Drone  
  19  1:36  Drone  
  20  2:00  Queen  
  20  2:01  Zergling x4, Queen  
  24  2:03  Overlord  
  26  2:09  Metabolic Boost  
  26  2:13  Drone  
  27  2:16  Drone  
  27  2:37  Hatchery  
  27  2:38  Drone x2  
  28  2:46  Queen  
  30  2:56  Drone x4  
  34  3:01  Overlord  
  34  3:08  Overlord  
  34  3:11  Drone  
  35  3:21  Drone x5  
  40  3:35  Drone  
  41  3:42  Drone  
  42  3:50  Queen  
  42  3:51  Queen  
  46  3:57  Drone x4, Evolution Chamber, Extractor  
  46  3:59  Drone  
  49  4:06  Zergling x8  
  53  4:13  Hatchery  
  51  4:22  Overlord x3  
  51  4:31  Overlord x2  
  51  4:42  Zergling x12  
  57  4:51  Queen x2  
  63  4:53  Lair  
  63  4:57  Baneling Nest  
  60  5:16  Zerg Melee Weapons Level 1  
  58  5:33  Zergling x10  
  63  5:46  Overlord  
  63  5:47  Overlord x2  
  63  5:49  Baneling x4  
  63  5:51  Zergling x28  
  73  6:02  Overlord x3  
  69  6:15  Zergling x4, Overlord x2  
  53  6:28  Drone  
  53  6:29  Drone x6  
  53  6:30  Drone x3  
  63  6:46  Infestation Pit  
  62  6:49  Drone x7  
  69  7:03  Zergling x4  
  71  7:10  Roach Warren  
  68  7:33  Drone x3  
  68  7:35  Zergling x2  
  68  7:36  Zergling x8  
  70  8:00  Zerg Melee Weapons Level 2, Hive  
  70  8:02  Infestor  
  70  8:03  Zergling x12  
  70  8:05  Baneling  
  78  8:17  Zergling x14  
  80  8:30  Zergling x4  
  80  8:31  Hatchery  
  80  8:33  Hatchery x2  
  79  8:37  Zergling x2  
  79  8:38  Zergling x20  
  90  8:43  Hatchery  
  89  8:52  Infestor  
  89  8:53  Zergling x2, Roach x3  
  98  8:56  Extractor  
  98  8:57  Extractor  
  85  9:24  Roach  
  85  9:25  Roach x2  
  87  9:33  Overseer  
  87  9:39  Zergling x6, Roach x6  
  87  9:40  Zergling x16  
  110  9:48  Drone  
  111  9:53  Zergling x2  
  111  9:54  Zergling x16  
  111  9:56  Baneling x4  
  120  10:10  Zergling x10, Roach x2  
  120  10:11  Zergling x8  
  133  10:14  Drone x2  
  118  10:39  Infestor  
  118  10:43  Drone  
  118  10:46  Extractor  
  118  10:48  Extractor  
  118  10:49  Drone x6  
  123  10:50  Drone x3  
  98  11:09  Glial Reconstitution, Centrifugal Hooks  
  93  11:19  Zergling x12  
  93  11:20  Zergling x40  
  119  11:31  Drone x2  
  121  11:34  Extractor  
  121  11:35  Drone x3  
  121  11:36  Drone x3, Extractor  
  121  11:38  Zerg Melee Weapons Level 3  
  121  11:39  Adrenal Glands  
  125  11:47  Overseer  
  125  11:48  Overlord x2  
  125  11:54  Zergling x8  
  125  11:55  Zergling x8  
  125  11:57  Baneling x3  
  133  12:13  Spine Crawler  
  133  12:15  Spine Crawler, Spore Crawler  
  131  12:16  Spine Crawler x2  
  131  12:17  Drone  
  131  12:18  Drone x3  
  131  12:19  Spore Crawler  
  89  12:45  Zergling x10  
  89  12:46  Zergling x26  
  105  12:56  Spire  
  105  12:57  Drone x4  
  108  13:00  Drone x2  
  110  13:19  Zergling x4  
  116  13:20  Zergling x22  
  116  13:23  Baneling x5  
  116  13:24  Baneling  
  116  13:25  Baneling x2  
  116  13:26  Baneling  
  118  13:36  Zergling x14  
  113  13:54  Zergling x10  
  97  13:58  Zergling x12  
  97  13:59  Zergling x10  
  87  14:04  Infestor x2  
  80  14:12  Zergling x8  
  80  14:15  Zergling x2  
  66  14:35  Zergling x2  
  66  14:36  Zergling x16  
  60  14:45  Zergling x8  
Show
View Real Time Build Order
Export as new Build Order

GABEN Terran - Winner!

Build Orders:  

Get SALT Encoding   

  12  0:01  SCV  
  13  0:13  SCV  
  14  0:20  Supply Depot  
  14  0:25  SCV  
  15  0:41  SCV  
  16  0:42  Barracks  
  16  0:50  Refinery  
  16  0:53  SCV  
  17  1:05  SCV  
  18  1:18  SCV  
  19  1:30  SCV  
  20  1:33  Command Center  
  20  1:34  Reaper  
  21  1:42  SCV  
  22  1:55  Orbital Command  
  22  1:59  Supply Depot  
  22  2:06  Refinery  
  22  2:14  Factory  
  22  2:21  SCV  
  23  2:27  Barracks Reactor  
  22  2:40  Barracks  
  22  2:42  SCV  
  23  2:47  Supply Depot  
  23  2:52  Orbital Command  
  23  2:59  SCV  
  24  3:06  Marine x2  
  24  3:08  Hellion  
  28  3:25  Starport  
  28  3:27  Marine x2  
  28  3:34  SCV  
  31  3:47  Barracks Tech Lab  
  31  3:52  Hellion  
  31  3:53  Hellion, Barracks Reactor  
  31  3:55  SCV  
  36  3:57  SCV  
  37  4:08  SCV  
  37  4:09  SCV  
  38  4:21  SCV x2  
  38  4:23  Armory  
  40  4:25  Stimpack  
  40  4:26  Medivac  
  40  4:30  Marine  
  40  4:31  Marine  
  43  4:32  Marine  
  43  4:33  SCV  
  46  4:40  Hellion x2  
  46  4:44  Supply Depot  
  50  4:48  SCV x2  
  52  4:55  Marine x2  
  54  5:05  Marine, SCV, Medivac  
  54  5:06  Hellion  
  60  5:07  Supply Depot  
  60  5:18  SCV x2  
  62  5:28  Marine x3  
  65  5:46  Marine  
  66  5:59  Marine  
  66  6:00  Marine  
  66  6:02  Hellion  
  70  6:05  Refinery  
  70  6:06  Refinery  
  70  6:10  Marine, SCV x2, Medivac  
  70  6:11  Hellion  
  62  6:22  SCV  
  62  6:23  Hellion  
  53  6:28  Marine x3  
  53  6:30  SCV  
  59  6:33  Hellion  
  59  6:34  SCV  
  60  6:42  SCV  
  60  6:45  Command Center  
  60  6:46  Barracks, SCV  
  62  6:50  Barracks  
  62  7:03  SCV x2  
  62  7:04  Marine x2  
  62  7:05  Starport Reactor, Marine  
  62  7:07  Hellion  
  69  7:11  Terran Vehicle Weapons Level 1  
  69  7:15  Engineering Bay  
  69  7:18  Engineering Bay, SCV  
  70  7:36  Barracks  
  70  7:38  Barracks, SCV x2  
  70  7:41  Marine x2  
  70  7:46  Terran Infantry Armor Level 1, Terran Infantry Weapons Level 1  
  70  7:47  Hellion x2, Marine  
  70  7:50  Barracks Tech Lab, SCV  
  76  7:52  Barracks, Barracks Reactor  
  76  7:57  Combat Shield  
  76  7:58  Marine x2  
  76  7:59  Orbital Command  
  76  8:05  Marine  
  79  8:09  Hellion  
  79  8:11  Refinery  
  81  8:16  Marine  
  80  8:27  Orbital Command  
  80  8:35  Marine x3  
  80  8:36  Marine x5  
  88  8:49  Marine  
  88  8:51  Hellion x2, Medivac x2  
  88  8:53  Marine x3, SCV  
  101  9:00  Supply Depot  
  101  9:02  Supply Depot  
  101  9:04  Barracks  
  101  9:06  Supply Depot  
  101  9:09  SCV x2  
  101  9:10  SCV  
  100  9:22  Hellion, Medivac  
  100  9:23  SCV  
  103  9:25  Supply Depot  
  103  9:30  Supply Depot  
  89  9:32  Marauder, Barracks Reactor x2  
  89  9:33  Barracks Tech Lab  
  89  9:34  Marine x4  
  89  9:35  Marine  
  96  9:44  Factory  
  96  9:49  SCV x3  
  96  9:51  Terran Infantry Weapons Level 2  
  96  9:52  Terran Infantry Armor Level 2, Marine x2  
  101  9:58  Refinery, Marine x3  
  101  9:59  Command Center  
  104  10:01  SCV x2  
  110  10:07  Hellion x2  
  110  10:13  Marine x7  
  110  10:14  Marine  
  117  10:15  Medivac x2  
  117  10:20  Refinery  
  126  10:28  Hellion x2  
  107  10:37  Barracks Reactor  
  107  10:39  Marine x2  
  107  10:40  Marine x2  
  104  10:45  Medivac  
  104  10:48  Missile Turret, Marine  
  104  10:49  Marine x6  
  113  10:50  Factory Tech Lab  
  113  10:52  Hellion x2  
  115  10:57  Marine  
  106  11:13  Hellion x2  
  109  11:20  Marine  
  109  11:21  Marine x10  
  120  11:28  SCV x3  
  120  11:32  Planetary Fortress  
  123  11:36  Missile Turret  
  123  11:38  Marine  
  126  11:40  Marauder, Siege Tank, SCV x2  
  126  11:42  Hellion x2  
  135  11:54  Missile Turret  
  137  12:01  Marauder  
  137  12:03  Hellion  
  139  12:12  Siege Tank  
  139  12:14  Marine  
  139  12:15  Marine x9  
  148  12:17  Hellion, Medivac  
  148  12:18  Medivac  
  148  12:22  Marine  
  155  12:32  Hellion, Marine  
  155  12:35  Marine x4  
  131  12:44  Siege Tank  
  131  12:49  Marine x4  
  131  12:50  Marine x3  
  136  12:53  Marine x4  
  136  12:57  SCV x4  
  144  13:07  Marine  
  144  13:08  Marine x6  
  144  13:09  SCV x4  
  144  13:10  Marine  
  144  13:11  Marine x2  
  156  13:12  Marine  
  153  13:21  SCV x2  
  153  13:25  Marine  
  156  13:48  Marine x2  
  156  13:49  Marine x4  
  156  13:50  Marine  
  134  14:11  Marine  
  134  14:12  Marine x10  
  134  14:15  Medivac x2  
  134  14:16  Siege Tank  
  152  14:17  Hellion x2  
  156  14:29  Marine  
  156  14:31  Marine x2  
  148  14:39  Hellion x2  
  156  14:58  Refinery  
Tags
 
Matchup
TvZ
Replay Pack
Myownreplay2
Spawn Locations
Cross Positions
Add a new tag
Caveats
  • Supply blocks, unpowered buildings, or Contaminate may cause inaccurate times.
  • Supply counts are checked every 10 seconds.